 Dungeon Crawl Stone Soup version 0.22-a0-603-gfc1114d (webtiles) character file.

66 Mamutox the Cudgeler (level 3, 0/37 HPs)
             Began as a Troll Berserker on July 7, 2018.
             Was a Believer of Trog.
             Slain by an adder (3 damage)
             ... on level 2 of the Dungeon.
             The game lasted 00:03:16 (844 turns).

Mamutox the Cudgeler (Troll Berserker)               Turns: 844, Time: 00:03:16

Health: 0/37       AC:  5    Str: 25    XL:     3   Next: 96%
Magic:  2/2        EV: 10    Int:  3    God:    Trog [**....]
Gold:   27         SH:  0    Dex: 10    Spells: 2/2 levels left

rFire    . . .     SeeInvis .   a - +0 mace
rCold    . . .     Gourm    +   (no shield)
rNeg     . . .     Faith    .   b - +0 animal skin
rPois    .         Spirit   .   (helmet restricted)
rElec    .         Reflect  .   (no cloak)
rCorr    .         Harm     .   (gloves unavailable)
MR       ++...                  (boots unavailable)
Stlth    +.........             (no amulet)
HPRegen  1.52/turn              (no ring)
MPRegen  0.08/turn              (no ring)

@: lethally poisoned (0 -> 0), berserk cooldown, regenerating
A: large, unfitting armour, claws 3, fast metabolism 3, gourmand, regeneration
1, shaggy fur 1, tough skin 2
a: Berserk, Trog's Hand, Renounce Religion


You were on level 2 of the Dungeon.
You worshipped Trog.
Trog was pleased with you.
You were completely stuffed.

You visited 1 branch of the dungeon, and saw 2 of its levels.

You collected 27 gold pieces.

Inventory:

Hand Weapons
 a - a +0 mace (weapon)
Missiles
 i - 3 tomahawks of returning (quivered)
Armour
 b - a +0 animal skin (worn)
Scrolls
 g - a scroll of fear {unknown}
 h - a scroll of teleportation {unknown}
 j - a scroll of identify {unknown}
 l - a scroll of remove curse {unknown}
 m - a scroll of amnesia {unknown}
Potions
 d - a potion of degeneration {unknown}
 e - a potion of haste {unknown}
 k - a potion of curing {unknown}
 n - a potion of heal wounds {unknown}
 o - a potion of flight {unknown}
Comestibles
 c - 3 rations
 f - 7 chunks of flesh


   Skills:
 + Level 3.0 Fighting
 + Level 3.4 Maces & Flails
 + Level 3.1 Dodging


You had 2 spell levels left.
You didn't know any spells.
Your spell library was empty.

Dungeon Overview and Level Annotations

Branches:
Dungeon (2/15)

Altars:


Innate Abilities, Weirdness & Mutations

You are too large for most types of armour.
You have claws for hands.
Your metabolism is lightning-fast.
You like to eat raw meat.
Your natural rate of healing is unusually fast.
You are covered in fur. (AC +1)
You have very tough skin. (AC +2)


Message History

You feel resistant to hostile enchantments.
You feel somewhat less full.
You feel sick. The adder bites you.
* * * LOW HITPOINT WARNING * * *
The adder bites you but does no damage. The kobold hits you but does no damage.
You feel sick. The adder bites you.
* * * LOW HITPOINT WARNING * * *
* * * LOW HITPOINT WARNING * * *
You feel sick. The adder barely misses you.
You feel the effects of Trog's Hand fading.
You feel sick. The adder barely misses you.
You feel sick. The adder bites you.
* * * LOW HITPOINT WARNING * * *
You barely miss the adder.
The adder is moderately wounded.
You feel sick. The adder barely misses you. x3
You completely miss the adder.
The adder is moderately wounded.
You feel yourself speed up.
You feel sick. The adder barely misses you. The adder bites you.
You die...

+.....##.....'....)...
#......[##.###...)####
#.......##.# #....# #..........#
#....# #
#####+####..........###....# ..
.....>.........................
......[.....##K#...............
............##S#...............
........รท...##@#...............
............##.#.............##
.......)....##.#.............##
............##.#.............#
............##.#.........
............##.#.........
............##.+.........
............#### ............#


You could see an adder and a kobold.

Vanquished Creatures
  An adder (D:2)
  A dart slug (D:1)
  3 leopard geckos
  3 giant cockroaches (D:1)
  11 goblins
  5 hobgoblins
  5 jackals (D:1)
  8 bats
  7 kobolds
  4 rats
48 creatures vanquished.

Notes
Turn   | Place    | Note
-------+----------+-------------------------------------------
     0 | D:1      | Mamutox the Troll Berserker began the quest for the Orb.
     0 | D:1      | Reached XP level 1. HP: 22/22 MP: 0/0
    52 | D:1      | Reached XP level 2. HP: 29/29 MP: 1/1
   279 | D:1      | Reached XP level 3. HP: 36/36 MP: 2/2
   351 | D:1      | Reached ** piety under Trog
   839 | D:2      | HP: 1/37 [adder (3)]
   844 | D:2      | Slain by an adder

Vault maps used:
D:1:      minmay_arrival_shattered_statue, minmay_bisected
D:2:      minmay_tetromino_o2

Skill      XL: |  1  2  3 |
---------------+----------+-----
Maces & Flails | 3 |  3.4
Dodging        | 3 |  3.1
Fighting       | 3 |  3.0

Action                   || total
-------------------------++-------
Melee: Mace              ||   169
Invok: Berserk           ||     2
       Trog's Hand       ||     1
 Stab: Sleeping          ||     1
  Eat: Chunk             ||    16
Armor: Animal skin       ||    96
Dodge: Dodged            ||   148

Table legend:
 A = Spawn XP
 B = Non-spawn XP
 C = Spawn XP percentage of total XP
 D = Spawn monster count
 E = Non-spawn monster count
 F = Spawn count percentage of total count
 G = Total turns spent on level
                    A         B        C        D         E        F      G
               +---------+---------+-------+---------+---------+-------+---------
         Total |       0 |      95 |   0.0 |       0 |      48 |   0.0 |   844
               +---------+---------+-------+---------+---------+-------+---------
           D:1 |       0 |      66 |   0.0 |       0 |      38 |   0.0 |   639
           D:2 |       0 |      29 |   0.0 |       0 |      10 |   0.0 |   205
               +---------+---------+-------+---------+---------+-------+---------
